 Dungeon Crawl Stone Soup version 0.29.1-2-gbd0b4ee654 (webtiles) character file.

Game seed: 11431691604995010334

527 LustLizard the Sneak (level 7, -1/35 HPs)
             Began as a Spriggan Air Elementalist on Nov 21, 2022.
             Slain by a river rat (4 damage)
             ... in a sewer.
             The game lasted 00:12:34 (4314 turns).

LustLizard the Sneak (Spriggan Air Elementalist)    Turns: 4314, Time: 00:12:35

Health: -1/35      AC:  2    Str:  4    XL:     7   Next: 3%
Magic:  2/14       EV: 14    Int: 19    God:
Gold:   216        SH:  0    Dex: 15    Spells: 7/14 levels left

rFire   . . .      SeeInvis +   k - +2 dagger (holy)
rCold   . . .      Faith    .   (no shield)
rNeg    + . .      Spirit   .   a - +0 robe
rPois   .          Reflect  .   (helmet restricted)
rElec   .          Harm     .   (no cloak)
rCorr   .          Rampage  .   (gloves unavailable)
Will    +....                   (boots unavailable)
Stlth   +++.......              r - amulet of the acrobat
HPRegen 0.11/turn               c - ring of positive energy
MPRegen 0.14/turn               (no ring)

@: very slightly contaminated, constricted, very quick
A: very small, no large weapons, unfitting armour, see invisible, speed 3
a: no special abilities


You were in a sewer.
You visited 1 branch of the dungeon, and saw 4 of its levels.
You also visited: Sewer.

You collected 216 gold pieces.

Inventory:

Hand Weapons
 j - a +0 dagger
 k - a +2 dagger of holy wrath (weapon)
Armour
 a - a +0 robe (worn)
Jewellery
 c - a ring of positive energy (left hand)
 r - an amulet of the acrobat (around neck)
Wands
 l - a wand of quicksilver (14)
 o - a wand of iceblast (9)
Scrolls
 e - 5 scrolls of teleportation {unknown}
 f - 5 scrolls of identify {unknown}
 h - a scroll of blinking
 i - a scroll of brand weapon {unknown}
 m - a scroll of immolation {unknown}
 n - a scroll of magic mapping {unknown}
 p - a scroll of fog {unknown}
Potions
 b - a potion of magic
 d - a potion of brilliance {unknown}
 g - a potion of attraction {unknown}
 q - a potion of curing {unknown}


   Skills:
 + Level 2.1 Fighting
 - Level 2.6 Dodging
 - Level 5.1 Stealth
 + Level 4.4 Spellcasting
 - Level 1.9 Conjurations
 * Level 4.7 Air Magic
 + Level 2.5 Evocations


You had 7 spell levels left.
You knew the following spells:

 Your Spells              Type           Power      Damage    Failure   Level
a - Shock                 Conj/Air       64%        1d7       3%          1
b - Poisonous Vapours     Pois/Air       26%        N/A       8%          2
c - Airstrike             Air            11%        2d(2-18)  19%         4

Your spell library contained the following spells:

 Spells                   Type           Power      Damage    Failure   Level
 Static Discharge         Conj/Air       16%        3-5/arc   4%          2
 Swiftness                Air            22%        N/A       5%          3
 Sting                    Tmut/Pois      16%        1d3       13%         1
 Olgreb's Toxic Radiance  Pois           4%         N/A       78%         4


Dungeon Overview and Level Annotations

Branches:
Dungeon (4/15)              Sewer (1/1)
 Temple: D:4-7

Altars:
Makhleb
Sif Muna
Wu Jian
Zin

Shops:
D:1 =

Portals:
Abyss: D:3

Annotations:
D:2 Sigmund
D:3 2 transporters, GigaChad's ghost, amateur MiFi
D:4 Blork the orc; Natasha


Innate Abilities, Weirdness & Mutations

You are very small and have problems with some larger weapons.
You are too small for most types of armour.
You have supernaturally acute eyesight. (SInv)
You cover ground extremely quickly. (Speed+++)


Message History

The zap misses the rat.
You feel sick. The ball python bites you. The ball python constricts you.
The ball python misses you. The ball python constricts you.
Aiming: Shock (safe; 3% risk of failure)
Press: ? - help, Q - select action, (/) - cycle Shift-Dir - straight line, f/p - rat
Aim: a rat (71% to hit)
Okay, then.
Aiming: Shock (safe; 3% risk of failure)
Press: ? - help, Q - select action, (/) - cycle Shift-Dir - straight line, f - river rat, p - rat
Aim: a river rat (heavily wounded, 68% to hit)
The zap hits the river rat.
The river rat is severely wounded.
You feel sick.
You are no longer poisoned.
The ball python bites you. The ball python constricts you.
The river rat completely misses you.
Aiming: Shock (safe; 3% risk of failure)
Press: ? - help, Q - select action, (/) - cycle Shift-Dir - straight line, f/p - river rat
Aim: a river rat (severely wounded, 68% to hit)
The zap hits the river rat.
The river rat is almost dead.
The ball python barely misses you. The ball python constricts you.
The river rat bites you but does no damage.
Aiming: Shock (safe; 3% risk of failure)
Press: ? - help, Q - select action, (/) - cycle Shift-Dir - straight line, f/p - river rat
Aim: a river rat (almost dead, 68% to hit)
The zap misses the river rat.
The ball python bites you. The ball python constricts you.
The rat barely misses you. The river rat bites you!
* * * LOW HITPOINT WARNING * * *
Aiming: Shock (safe; 3% risk of failure)
Press: ? - help, Q - select action, (/) - cycle Shift-Dir - straight line, f/p - river rat
Aim: a river rat (almost dead, 68% to hit)
You miscast Shock.
You are very lightly contaminated with residual magic.
Nothing appears to happen.
The ball python bites you but does no damage.
The ball python constricts you. The rat closely misses you.
The river rat bites you.
You die...

#≈.~≈≈≈#
#≈≈≈≈≈~#
#≈≈~≈≈≈#
#≈≈≈≈~≈#
#≈≈≈~≈≈#
#≈≈≈≈~≈#
#≈≈≈~≈≈#
#≈≈≈~≈≈#
#≈≈≈~≈≈#
#≈≈≈~≈≈#
#≈≈≈~≈≈#
#≈≈~≈≈≈#
#≈≈~≈≈≈#
#≈≈~≈≈≈#
#≈≈~≈≈≈#
#≈≈~≈≈≈#
##.~..##
#.~@S~##
#......#
#..rr..#
#..∩∩..#
##......#
#......#
#.......#
##....##
##....†...
######
##....†..
#####†. ##


You could see a river rat, a ball python and a rat.

Vanquished Creatures
  An ogre (D:4)
  A scorpion (D:4)
  A howler monkey (D:4)
  A hound (D:4)
  An iguana (D:3)
  Ijyb (D:3)
  An orc wizard (D:4)
  8 adders
  2 gnolls
  3 river rats (Sewer)
  2 ufetubi (D:4)
  2 worms
  2 dart slugs
  2 orcs (D:4)
  5 endoplasms
  8 giant cockroaches
  9 goblins
  7 hobgoblins
  8 kobolds
  A quokka (D:3)
  10 ball pythons
  3 bats
  A frilled lizard (D:1)
  22 rats
102 creatures vanquished.

Notes
Turn   | Place    | Note
-------+----------+-------------------------------------------
     0 | D:1      | LustLizard the Spriggan Air Elementalist began the quest
                  | for the Orb.
     0 | D:1      | Reached XP level 1. HP: 9/9 MP: 5/5
   250 | D:1      | Reached skill level 1 in Conjurations
   250 | D:1      | Reached XP level 2. HP: 13/13 MP: 1/6
   408 | D:1      | Found Ytinweaj's Jewellery Shoppe.
   594 | D:1      | Found a faded altar of an unknown god.
   762 | D:1      | Reached XP level 3. HP: 17/17 MP: 5/8
  1367 | D:2      | Noticed Sigmund
  1435 | D:2      | Found a glowing silver altar of Zin.
  1514 | D:2      | Learned a level 2 spell: Poisonous Vapours
  1591 | D:2      | Reached XP level 4. HP: 15/21 MP: 0/9
  2243 | D:3      | Noticed Ijyb
  2265 | D:3      | Killed Ijyb
  2266 | D:3      | Reached skill level 1 in Fighting
  2366 | D:3      | Reached skill level 4 in Stealth
  2366 | D:3      | Reached XP level 5. HP: 25/25 MP: 1/11
  2459 | D:3      | Learned a level 4 spell: Airstrike
  2532 | D:3      | Found a burning altar of Makhleb.
  2589 | D:3      | Found a one-way gate to the infinite horrors of the Abyss.
  2589 | D:3      | Noticed a small abomination
  2589 | D:3      | Noticed GigaChad's ghost (amateur MiFi)
  2902 | D:3      | Found a transporter.
  2906 | D:3      | Found a transporter.
  3119 | D:4      | Found a shimmering blue altar of Sif Muna.
  3287 | D:4      | Noticed an ogre
  3358 | D:4      | Killed an ogre
  3359 | D:4      | Reached skill level 1 in Evocations
  3359 | D:4      | Reached XP level 6. HP: 19/30 MP: 1/12
  3476 | D:4      | Noticed Natasha
  3694 | D:4      | Reached skill level 5 in Stealth
  3813 | D:4      | Found an ornate altar of the Wu Jian Council.
  3832 | D:4      | Noticed Blork the orc
  3932 | D:4      | Found a glowing drain.
  3941 | Sewer    | Entered a sewer
  4225 | Sewer    | Reached XP level 7. HP: 35/35 MP: 8/14
  4314 | Sewer    | Slain by a river rat

Illustrated notes

Levels and vault maps discovered:
D:1:      co_arrival_hexagon_in_a_hexagon, layout_basic,
          shapermc_ecumenical_altar_ellora, serial_shops, shop
D:2:      layout_rooms, serial_forest, infiniplex_forest_straight_4,
          infiniplex_forest_end_3, infiniplex_forest_end_2,
          infiniplex_forest_lined_4_way, infiniplex_forest_straight_3,
          basic_altar, uniq_sigmund
D:3:      layout_rooms, mainiacjoe_overflow_small_starburst,
          gammafunk_ghost_abyssal_escape, uniq_ijyb
D:4:      layout_layer_cave, mainiacjoe_overflow_tiny_flanked,
          lemuel_crystal_altar, portal_sewer_entry_d, gammafunk_ghost_grave,
          uniq_natasha, uniq_blork_the_orc
Sewer:    sewer_minmay_w

Skill      XL: |  1  2  3  4  5  6 |
---------------+-------------------+-----
Conjurations   | 1 |  1.9
Air Magic      | 3 4 |  4.7
Spellcasting   | 3 4 |  4.4
Fighting       | 1 2 |  2.1
Stealth        | 4 5 |  5.1
Evocations     | 1 2 |  2.5
Dodging        | |  2.6

Action                   |  1- 3 |  4- 6 |  7- 9 || total
-------------------------+-------+-------+-------++-------
Melee: Unarmed           |     4 |       |       ||     4
       Dagger            |    10 |    74 |       ||    84
 Cast: Shock             |    83 |    96 |    14 ||   193
       Poisonous Vapours |       |    30 |       ||    30
Evoke: Wand              |       |     1 |       ||     1
 Stab: Sleeping          |       |     1 |       ||     1
Armor: Robe              |     3 |     6 |     2 ||    11
Dodge: Dodged            |    19 |    81 |    13 ||   113
